 Dungeon Crawl Stone Soup version 0.26-a0-597-gb535b0901c (webtiles) character file.

Game seed: 14586063127251473630

357 Fingolfin the Skirmisher (level 6, 0/66 HPs)
             Began as a Troll Monk on Sept 6, 2020.
             Was a Priest of Cheibriados.
             Slain by an ogre
             ... wielding a +0 giant club
              (12 damage)
             ... on level 4 of the Dungeon.
             The game lasted 00:07:18 (2668 turns).

Fingolfin the Skirmisher (Troll Monk)               Turns: 2668, Time: 00:07:20

Health: 0/66       AC: 10    Str: 28    XL:     6   Next: 37%
Magic:  0/7        EV: 11    Int: 16    God:    Cheibriados [***...]
Gold:   112        SH:  0    Dex: 16    Spells: 5/5 levels left

rFire    . . .     SeeInvis .   a - +4 whip
rCold    . . .     Faith    .   (no shield)
rNeg     . . .     Spirit   +   u - +0 robe
rPois    .         Reflect  .   (helmet restricted)
rElec    .         Harm     .   (no cloak)
rCorr    .                      (gloves unavailable)
MR       .....                  (boots unavailable)
Stlth    ++........             o - amulet of guardian spirit
HPRegen  0.61/turn              n - -4 ring of dexterity (curse)
MPRegen  0.10/turn              p - +4 ring of protection

@: very slow
A: large, unfitting armour, claws 3, regeneration 1, shaggy fur 1, tough skin 3
a: Bend Time, Temporal Distortion, Renounce Religion


You were on level 4 of the Dungeon.
You worshipped Cheibriados.
Cheibriados was most pleased with you.
You visited 1 branch of the dungeon, and saw 4 of its levels.

You collected 112 gold pieces.

Inventory:

Hand Weapons
 a - a +4 whip (weapon)
 b - a +0 mace of holy wrath
Missiles
 f - 175 stones (quivered)
 k - 12 boomerangs
 m - 16 poisoned darts
Armour
 u - a +0 robe (worn)
Jewellery
 n - a cursed -4 ring of dexterity (left claw)
 o - an amulet of guardian spirit (around neck)
 p - a +4 ring of protection (right claw)
Scrolls
 d - a scroll of enchant weapon {unknown}
 j - 4 scrolls of teleportation
 s - 2 scrolls of fog
Potions
 c - a potion of magic {unknown}
 e - 2 potions of curing
 g - a potion of brilliance {unknown}
 h - 2 potions of lignification
 i - a potion of invisibility {unknown}
 q - a potion of heal wounds {unknown}
 t - a potion of stabbing {unknown}


   Skills:
 + Level 5.1 Fighting
 - Level 2.6 Maces & Flails
 - Level 2.4 Dodging
 - Level 1.0 Stealth
 + Level 3.1 Invocations


You had 5 spell levels left.
You didn't know any spells.
Your spell library was empty.

Dungeon Overview and Level Annotations

Branches:
Dungeon (4/15)
 Temple: D:4-7

Altars:
Cheibriados
Gozag
Nemelex Xobeh
Xom


Innate Abilities, Weirdness & Mutations

You are too large for most types of armour.
You have claws for hands.
Your natural rate of healing is unusually fast.
You are covered in fur. (AC +1)
You have extremely tough skin. (AC +3)


Message History

The orc misses you.
You whack the orc!
You kill the orc!
Cheibriados thoroughly appreciates the change of pace.
You hit the ogre.
The ogre is lightly wounded.
The ogre hits you with a +0 giant club!
You hit the ogre.
The ogre is moderately wounded.
A centaur comes into view.
The ogre hits you with a +0 giant club!
* * * LOW HITPOINT WARNING * * *
The centaur shouts!
You whack the ogre!
The ogre is severely wounded.
The centaur wields a +0 shortbow.
The centaur shoots an arrow.
The arrow hits you.
* * * LOW HITPOINT WARNING * * *
The ogre hits you with a +0 giant club!
You die...

#..# #..# #.#
#.##.# ....# ##.c#
#.# #.##.# .##...
...# ##.###.##.#
##.#
#.###...##.##.#
#.............#
#####......##.####
........#..##.#
#####...##.##.#
##@###>##.#
##O###.##.#
###...##.##.#
#...........#
.o.o..#...##.#.##
...##....## .. ..
#....# ... #...##
.# ##.## #


You could see an ogre and a centaur.

Vanquished Creatures
  An ogre (D:4)
  A centaur (D:3)
  An orc priest (D:3)
  Robin (D:3)
  5 adders
  An adder skeleton (D:4)
  3 worms
  A dart slug (D:1)
  4 leopard geckos
  5 orcs
  3 ball pythons
  7 bats
  4 giant cockroaches
  16 goblins
  18 hobgoblins
  A jackal (D:3)
  3 quokkas
  3 frilled lizards
  3 kobolds
  12 rats
93 creatures vanquished.

Vanquished Creatures (others)
  6 plants (D:3)
  4 toadstools (D:1)
10 creatures vanquished.

Grand Total: 103 creatures vanquished

Notes
Turn   | Place    | Note
-------+----------+-------------------------------------------
     0 | D:1      | Fingolfin the Troll Monk began the quest for the Orb.
     0 | D:1      | Reached XP level 1. HP: 22/22 MP: 0/0
   220 | D:1      | Reached skill level 3 in Fighting
   220 | D:1      | Reached XP level 2. HP: 31/31 MP: 1/1
   770 | D:2      | Reached XP level 3. HP: 18/37 MP: 2/2
  1116 | D:2      | Reached skill level 4 in Fighting
  1129 | D:2      | Found a snail-covered altar of Cheibriados.
  1137 | D:2      | Became a worshipper of Cheibriados the Contemplative
  1137 | D:2      | Reached * piety under Cheibriados
  1137 | D:2      | Reached ** piety under Cheibriados
  1433 | D:2      | Reached XP level 4. HP: 40/48 MP: 3/3
  1666 | D:3      | Reached skill level 1 in Invocations
  1775 | D:3      | Noticed Robin
  1787 | D:3      | Killed Robin
  1796 | D:3      | Reached XP level 5. HP: 55/55 MP: 5/5
  1901 | D:3      | Reached *** piety under Cheibriados
  2150 | D:3      | Noticed a centaur
  2158 | D:3      | Killed a centaur
  2194 | D:3      | Found a shimmering altar of Xom.
  2194 | D:3      | Found a sparkling altar of Nemelex Xobeh.
  2245 | D:3      | Reached XP level 6. HP: 53/65 MP: 4/7
  2330 | D:3      | Found an opulent altar of Gozag.
  2660 | D:4      | Reached skill level 5 in Fighting
  2668 | D:4      | Slain by an ogre

Illustrated notes

Levels and vault maps discovered:
D:1:      ldierk_walled_garden_2, layout_basic, minmay_crystal_room,
          grunt_decor_mini_mirrors, moated_statue
D:2:      kennysheep_six_static_rooms, layout_loops_ring,
          lemuel_coloured_pillars_altar
D:3:      layout_rooms, lemuel_crystal_altar,
          gammafunk_temple_overflow_elements, serial_bayou,
          serial_bayou_shore_a, serial_bayou_ford_a, serial_bayou_pond_b,
          serial_bayou_shore_b, minmay_pentangle, uniq_robin
D:4:      layout_loops_ring, grunt_dithmenos_smoke, zin_scriptorium,
          minmay_temple_entry_stoned_glass

Skill      XL: |  1  2  3  4  5  6 |
---------------+-------------------+-----
Fighting       | 3 4 5 |  5.1
Invocations    | 1 2 3 |  3.1
Maces & Flails | |  2.6
Dodging        | |  2.4
Stealth        | |  1.0

Action                   |  1- 3 |  4- 6 || total
-------------------------+-------+-------++-------
Melee: Whip              |   111 |   140 ||   251
       Mace              |     8 |       ||     8
  Use: Scroll            |       |     5 ||     5
 Stab: Sleeping          |     4 |     2 ||     6
Armor: Robe              |    57 |    60 ||   117
Dodge: Dodged            |    52 |    53 ||   105

Table legend: (Time is in decaauts)
 A = Elapsed time spent in this place.
 B = Non-inter-level travel time spent in this place.
 C = Inter-level travel time spent in this place.
 D = Time resting spent in this place.
 E = Time spent auto-exploring this place.
 F = Levels seen in this place.
 G = Mean time per level.
                   A        B        C        D        E       F      G
               +--------+--------+--------+--------+--------+-----+--------+
         Total |   3353 |   3246 |    107 |    139 |   2435 |   4 |  838.2 |
       Dungeon |   3353 |   3246 |    107 |    139 |   2435 |   4 |  838.2 |
               +--------+--------+--------+--------+--------+-----+--------+

Top non-repeatable levels by time:
     D:3: 1442 daAuts
     D:2: 1071 daAuts
     D:1: 730 daAuts
     D:4: 109 daAuts
